 Dungeon Crawl Stone Soup version 0.30.1-1-g62c8e00024 (webtiles) character file.

Game seed: 11564893556520153426

3651 Gorgoleon the Spear-Bearer (level 10, -2/74 HPs)
             Began as a Merfolk Gladiator on July 15, 2023.
             Was a Follower of Okawaru.
             Slain by a komodo dragon (29 damage)
             ... on level 7 of the Dungeon.
             The game lasted 00:27:41 (7397 turns).

Gorgoleon the Spear-Bearer (Merfolk Gladiator)      Turns: 7397, Time: 00:27:41

Health: -2/74      AC:  2    Str: 18    XL:     10   Next: 12%
Magic:  10/12      EV: 19    Int:  9    God:    Okawaru [*.....]
Gold:   285        SH: 11    Dex: 15    Spells: 9/9 levels left

rFire   + . .        a - +2 trident (flame)
rCold   . . .        n - +0 buckler
rNeg    . . .        (no body armour)
rPois   .            c - +0 helmet
rElec   .            (no cloak)
rCorr   .            (no gloves)
SInv    .            h - +0 pair of boots
Will    .....        f - amulet of reflection
Stlth   +++          t - ring of protection from fire
HPRegen 0.32/turn    (no ring)
MPRegen 0.13/turn

%: reflection
@: heroic, studying Dodging
A: (nimble swimmer 2), mertail
a: Renounce Religion, Heroism


You were on level 7 of the Dungeon.
You worshipped Okawaru.
Okawaru was aware of your devotion.
You visited 2 branches of the dungeon, and saw 9 of its levels.

You collected 285 gold pieces.

Inventory:

Hand Weapons
 a - a +2 trident of flaming (weapon)
Missiles
 d - 2 throwing nets
 e - 7 javelins
 g - 12 stones (quivered)
Armour
 b - a +2 pair of gloves
 c - a +0 helmet (worn)
 h - a +0 pair of boots (worn)
 n - a +0 buckler (worn)
Jewellery
 f - an amulet of reflection (around neck)
 t - a ring of protection from fire (left hand)
 y - a ring of wizardry
Wands
 v - a wand of paralysis (9)
 w - a wand of light (10)
 x - a wand of roots (7)
 C - a wand of mindburst (12)
Scrolls
 o - a scroll of vulnerability
 r - 2 scrolls of blinking
 A - a scroll of teleportation
Potions
 i - a potion of heal wounds {unknown}
 j - a potion of haste
 k - 2 potions of degeneration {unknown}
 l - 4 potions of curing
 m - a potion of might
 p - a potion of berserk rage {unknown}
 q - a potion of ambrosia {unknown}
 s - a potion of attraction {unknown}
 u - 2 potions of flight {unknown}
 z - a potion of invisibility
 B - a potion of resistance {unknown}


   Skills:
 + Level 5.2(10.2) Fighting
 - Level 14.0(19.0) Polearms
 + Level 3.2(8.2) Throwing
 + Level 3.0(8.0) Armour
 + Level 8.4(13.4) Dodging
 + Level 3.1(8.1) Shields
 + Level 3.1 Invocations
 + Level 3.0 Evocations


You had 9 spell levels left.
You didn't know any spells.
Your spell library contained the following spells:

 Spells                   Type           Power      Damage    Failure   Level
 Sting                    Tmut/Pois      0%         1d3       43%         1
 Poisonous Vapours        Pois/Air       0%         N/A       58%         2
 Olgreb's Toxic Radiance  Pois           0%         N/A       99%         4
 Passage of Golubria      Tloc           0%         N/A       99%         4
 Yara's Violent Unravell  Hex/Tmut       0%         3d3       100%        5
 Tukima's Dance           Hex            Unusable   N/A       N/A         3
 Animate Dead             Necr           Unusable   N/A       N/A         4
 Haunt                    Necr/Summ      Unusable   N/A       N/A         7
 Infestation              Necr           Unusable   N/A       N/A         8

Dungeon Overview and Level Annotations

Branches:
Dungeon (8/15)             Temple (1/1) D:5
   Lair: D:8-11

Altars:
Ashenzari
Cheibriados
Dithmenos
Elyvilon
Fedhas
Gozag
Hepliaklqana
Kikubaaqudgha
Makhleb
Nemelex Xobeh
Okawaru
Qazlal
Ru
Vehumet
Wu Jian
Yredelemnul
Zin
The Shining One

Shops:
D:4 *

Annotations:
D:7 3 runed translucent doors, SirLogeyBear's ghost, novice HOBe; cdecastro's ghost, novice DjIE


Innate Abilities, Weirdness & Mutations

((You are very nimble when in or above water. (Stealth+, EV+, Speed+++)))
Your lower body shifts to a powerful aquatic tail in water.


Message History

You climb upwards.
Level annotation: 3 runed translucent doors, SirLogeyBear's ghost, novice HOBe; cdecastro's ghost, novice DjIE
There is a stone staircase leading down here.
You closely miss the frilled lizard. You barely miss the frilled lizard.
The frilled lizard misses you.
You puncture the frilled lizard! You burn the frilled lizard.
You kill the frilled lizard!
No target in view!
No target in view!
You climb downwards.
The frilled lizard bites you. The komodo dragon bites you!!
There is a stone staircase leading up, spattered with blood here.
The frilled lizard bites you.
The iguana bites you but does no damage.
You block the komodo dragon's attack.
You climb upwards.
Level annotation: 3 runed translucent doors, SirLogeyBear's ghost, novice HOBe; cdecastro's ghost, novice DjIE
There is a stone staircase leading down here.
The iguana attacks as you move away! The iguana closely misses you.
The frilled lizard closely misses you.
Things that are here:
a frilled lizard corpse; a howler monkey corpse The iguana attacks as you move away!
The iguana barely misses you.
The frilled lizard attacks as you move away!
You block the frilled lizard's attack.
You gain the combat prowess of a mighty hero.
You block the frilled lizard's attack.
You barely miss the frilled lizard. You block the frilled lizard's attack.
You miss the frilled lizard. You puncture the komodo dragon!
You burn the komodo dragon.
The komodo dragon is moderately wounded.
You closely miss the komodo dragon.
The komodo dragon is moderately wounded.
You hit the komodo dragon. You burn the komodo dragon.
The komodo dragon is moderately wounded.
The komodo dragon bites you!!
You hit the komodo dragon but do no damage.
The komodo dragon is moderately wounded.
The komodo dragon bites you!!
You die...

####### #.....# ###@#.#
# #######l#.# #
#.†.l.ll#.##############
#>#.....#.#...........##
#.......#.#....####....'
#######...#....######.##
#.....#...#....#........
#.###.#.......##.#######
#...#.'.......##.#######


You could see a komodo dragon, an iguana and a frilled lizard.

Vanquished Creatures
  Pikel (D:7)
  Joseph (D:7)
  Menkaure (D:7)
  2 water moccasins (D:6)
  A sky beast (D:6)
  4 ice beasts
  2 black bears (D:5)
  2 orc warriors (D:7)
  3 ogres
  2 lemures (D:7)
  3 phantoms
  A bullfrog (D:8)
  3 scorpions
  5 wights (D:7)
  5 howler monkeys
  A crimson imp (D:6)
  An orc priest (D:7)
  2 jellies (D:5)
  4 hounds
  Crazy Yiuf (D:7)
  4 iguanas
  An orc wizard (D:7)
  4 gnolls
  6 adders
  A white imp (D:7)
  An ufetubus (D:4)
  3 worms
  4 dart slugs
  7 orcs
  6 bats
  7 endoplasms
  4 giant cockroaches
  6 goblins
  7 hobgoblins
  7 jackals
  5 quokkas
  10 ball pythons
  4 frilled lizards
  7 kobolds
  2 rats (D:2)
141 creatures vanquished.

Vanquished Creatures (others)
  A kobold (D:4)
1 creature vanquished.

Grand Total: 142 creatures vanquished

Notes
Turn   | Place    | Note
-------+----------+-------------------------------------------
     0 | D:1      | Gorgoleon the Merfolk Gladiator began the quest for the
                  | Orb.
     0 | D:1      | Reached XP level 1. HP: 16/16 MP: 1/1
    54 | D:1      | Reached XP level 2. HP: 14/23 MP: 2/2
   464 | D:1      | Reached skill level 5 in Polearms
   581 | D:1      | Reached XP level 3. HP: 28/28 MP: 3/3
  1261 | D:2      | Reached XP level 4. HP: 34/34 MP: 4/4
  1728 | D:3      | Reached skill level 6 in Polearms
  1852 | D:3      | Found a snail-covered altar of Cheibriados.
  2094 | D:3      | Reached XP level 5. HP: 41/41 MP: 5/5
  2207 | D:4      | Reached skill level 1 in Armour
  2228 | D:4      | Found a basalt altar of Yredelemnul.
  2228 | D:4      | Found Auibbuics's Alliterative Accessories.
  2235 | D:4      | Found a stormy altar of Qazlal.
  2236 | D:4      | Noticed an ogre
  2255 | D:4      | Killed an ogre
  2256 | D:4      | Reached skill level 7 in Polearms
  2270 | D:4      | Reached XP level 6. HP: 9/47 MP: 6/6
  2825 | D:4      | Reached skill level 8 in Polearms
  2825 | D:4      | Reached skill level 1 in Shields
  3174 | D:4      | Reached XP level 7. HP: 33/52 MP: 7/7
  3368 | D:5      | Entered Level 5 of the Dungeon
  3555 | D:5      | Reached skill level 9 in Polearms
  3716 | D:5      | Found a staircase to the Ecumenical Temple.
  3727 | Temple   | Entered the Ecumenical Temple
  3947 | D:5      | Reached skill level 10 in Polearms
  3969 | D:5      | Reached XP level 8. HP: 48/58 MP: 8/8
  4090 | D:5      | Reached skill level 11 in Polearms
  4633 | D:6      | Identified a scroll of acquirement
  4633 | D:6      | Acquired a manual of Dodging
  4639 | D:6      | Found an iron altar of Okawaru.
  4731 | D:6      | Became a worshipper of Warmaster Okawaru
  4754 | D:6      | Reached skill level 12 in Polearms
  4984 | D:6      | Found a burning altar of Makhleb.
  5087 | D:6      | Reached skill level 13 in Polearms
  5474 | D:6      | Reached * piety under Okawaru
  5475 | D:6      | Reached XP level 9. HP: 50/63 MP: 9/9
  5536 | D:7      | Found a runed translucent gate.
  5536 | D:7      | Found a runed translucent gate.
  5544 | D:7      | Found a runed translucent gate.
  5545 | D:7      | Noticed cdecastro's ghost (novice DjIE)
  5545 | D:7      | Noticed SirLogeyBear's ghost (novice HOBe)
  5740 | D:7      | Reached skill level 14 in Polearms
  5765 | D:7      | Identified the +7 long sword "Spiderbane" {heavy, rElec
                  | rC+++ Dex-3 SInv}
  5905 | D:7      | Noticed Joseph
  5916 | D:7      | Paralysed by Joseph for 3 turns
  5922 | D:7      | Killed Joseph
  5923 | D:7      | Reached skill level 5 in Dodging
  6159 | D:7      | HP: 3/65 [orc warrior/+0 halberd (11)]
  6524 | D:7      | Noticed Pikel
  6558 | D:7      | Killed Pikel
  6559 | D:7      | Reached skill level 5 in Fighting
  6601 | D:7      | Reached ** piety under Okawaru
  6661 | D:7      | Reached skill level 1 in Evocations
  6713 | D:7      | Reached XP level 10. HP: 43/70 MP: 9/12
  6828 | D:7      | Noticed Menkaure
  6834 | D:7      | Killed Menkaure
  7001 | D:7      | Found a runed translucent door.
  7002 | D:7      | Noticed Crazy Yiuf
  7009 | D:7      | Killed Crazy Yiuf
  7170 | D:7      | Found a hazy altar of Hepliaklqana.
  7397 | D:7      | Slain by a komodo dragon

Illustrated notes

Levels and vault maps discovered:
D:1:      dpeg_arrival_simpleton_b, layout_basic
D:2:      layout_loops_ring, minmay_worlds_worst_comb
D:3:      layout_basic, mainiacjoe_overflow_cross_hatched, st_stairs_2
D:4:      layout_rooms, grunt_temple_overflow_open,
          chequers_serial_rivers_small_3, kennysheep_cluttered_room,
          nicolae_alphabet_shops
D:5:      layout_loops_ring, minmay_temple_entry_statues_fountains,
          minmay_strange_pillars
D:6:      layout_cave_pools, makhleb_grotto_becter, okawaru_ov_weapons_minmay,
          kennysheep_generic_room_6
D:7:      layout_basic, mainiacjoe_overflow_alcove_4, gammafunk_ghost_cemetery,
          grunt_ministairs_1, minmay_fountain_box, uniq_joseph,
          uniq_crazy_yiuf_cottage, uniq_pikel, uniq_menkaure
D:8:      layout_cave_pools, nzn_overflow_gifts_of_might_and_magic,
          lemuel_doored_altar, marbit_many_paths, nicolae_zen_rock_garden,
          minmay_lizard_king, uniq_psyche
Temple:   hc_temple_tempest_star

Skill      XL: |  1  2  3  4  5  6  7  8  9 10 |
---------------+-------------------------------+-----
Polearms       | 5 6 7 8 10 13 14 | 14.0
Fighting       | 3 5 |  5.2
Armour         | 1 2 3 |  3.0
Shields        | 1 2 3 |  3.1
Throwing       | 3 |  3.2
Dodging        | 8 |  8.4
Invocations    | 3 |  3.1
Evocations     | 1 3 |  3.0

Action                     |  1- 3 |  4- 6 |  7- 9 | 10-12 || total
---------------------------+-------+-------+-------+-------++-------
  Melee: Trident           |   122 |   170 |   302 |    38 ||   632
  Throw: Stone             |       |     5 |    38 |     6 ||    49
         Boomerang         |       |     5 |       |       ||     5
         Javelin           |       |       |     1 |       ||     1
         Throwing net      |       |       |     1 |       ||     1
 Invoke: Heroism           |       |       |     4 |     3 ||     7
    Use: Scroll            |       |     8 |     8 |       ||    16
         Potion            |       |       |     2 |       ||     2
   Stab: Sleeping          |     4 |       |       |     1 ||     5
         Held in net/web   |       |       |     1 |       ||     1
 Armour: Leather armour    |    27 |    42 |    30 |       ||    99
         Skin              |       |       |     5 |     1 ||     6
  Dodge: Dodged            |    69 |   100 |   101 |     9 ||   279
  Block: Buckler           |       |    34 |    72 |     9 ||   115
         Reflection        |       |     2 |     2 |       ||     4
